Map: [EWC] Goldenaura

Players

Clem - Winner!

  • Race: Terran Terran
  • Spawn Location: 5:00

herO

  • Race: Protoss Protoss
  • Spawn Location: 12:00

Event: Esports World Cup 2024

VOD

Have the link to the VOD?

Description

Time

  • Played on: Aug. 18, 2024, 8:47 a.m.
  • Length: 23:54

All games in this series

Show
View Real Time Build Order
Export as new Build Order

Clem Terran - Winner!

Build Orders: Cyclone Opening 

Get SALT Encoding   

  12  0:00  SCV  
  13  0:12  SCV  
  14  0:17  Supply Depot  
  14  0:24  SCV  
  15  0:38  SCV  
  15  0:39  Barracks  
  16  0:43  Refinery  
  16  0:50  SCV  
  17  1:03  SCV  
  18  1:15  SCV  
  19  1:27  Marine  
  19  1:28  Orbital Command  
  20  1:39  Command Center  
  20  1:45  Barracks Reactor  
  20  1:50  Supply Depot  
  20  1:54  SCV  
  21  2:03  Factory  
  21  2:08  SCV  
  22  2:12  Refinery  
  22  2:20  SCV  
  22  2:21  Marine x2  
  25  2:32  SCV  
  26  2:38  Marine  
  26  2:39  Marine  
  28  2:47  Cyclone, Starport  
  28  2:49  SCV  
  31  2:55  Orbital Command  
  31  2:58  Marine  
  31  3:01  Marine  
  34  3:05  SCV  
  34  3:17  SCV  
  34  3:18  Marine  
  34  3:19  Marine, Cyclone  
  39  3:23  Medivac  
  41  3:28  Supply Depot  
  41  3:30  SCV  
  41  3:33  SCV  
  43  3:36  Marine x2  
  45  3:43  SCV  
  45  3:45  Barracks  
  46  3:49  SCV  
  46  3:53  Supply Depot  
  46  3:54  Factory Tech Lab  
  47  3:57  Liberator  
  47  4:00  SCV  
  47  4:01  SCV  
  52  4:03  Marine  
  52  4:06  Marine  
  54  4:14  Siege Tank  
  57  4:18  SCV x2  
  57  4:20  Supply Depot  
  57  4:21  Marine  
  60  4:24  Marine  
  60  4:30  SCV  
  60  4:31  SCV  
  61  4:32  Marine  
  61  4:36  Barracks  
  59  4:42  SCV  
  59  4:43  SCV, Bunker, Marine x2  
  59  4:52  Siege Tank  
  58  4:53  Marine  
  58  4:54  SCV  
  58  4:55  SCV, Starport Tech Lab  
  59  5:01  Supply Depot  
  59  5:02  Refinery, Marine  
  59  5:03  Marine  
  59  5:06  SCV  
  62  5:07  SCV  
  63  5:15  Raven  
  63  5:17  Supply Depot  
  63  5:18  SCV, Marine  
  63  5:20  Marine  
  63  5:21  SCV  
  69  5:22  Marine  
  69  5:27  Siege Tank  
  73  5:30  SCV  
  73  5:32  Refinery  
  73  5:35  Marine  
  75  5:36  Marine  
  75  5:37  Supply Depot  
  75  5:38  Marine  
  75  5:39  SCV, Marine  
  79  5:46  SCV  
  78  5:52  SCV  
  78  5:56  Marine  
  80  5:57  Marine  
  80  5:58  SCV  
  80  6:03  Marauder  
  80  6:04  Stimpack, Factory Reactor  
  84  6:05  Combat Shield  
  84  6:07  SCV, Starport Reactor  
  84  6:10  Marauder  
  87  6:12  Supply Depot  
  87  6:14  Marine  
  87  6:15  Marine  
  88  6:18  SCV  
  88  6:19  SCV  
  85  6:26  Marauder  
  85  6:30  SCV  
  85  6:31  SCV  
  89  6:35  Command Center  
  89  6:36  Engineering Bay  
  89  6:42  SCV  
  89  6:43  SCV, Marine x2  
  89  6:44  Marauder  
  95  6:47  Marauder  
  95  6:51  Medivac  
  95  6:53  Medivac  
  98  6:55  SCV x2, Widow Mine  
  102  7:05  Supply Depot  
  102  7:16  Barracks x2  
  102  7:17  Supply Depot  
  102  7:26  SCV  
  102  7:27  Marauder x2, Widow Mine x2  
  110  7:34  Supply Depot  
  110  7:35  Supply Depot  
  110  7:36  Concussive Shells  
  110  7:38  Marine x2, Terran Infantry Weapons Level 1  
  110  7:39  SCV x2, Viking, Medivac  
  118  7:48  Marauder x2, Widow Mine  
  118  7:51  SCV x2  
  125  7:52  Orbital Command  
  125  7:56  Marine x2  
  127  8:02  Widow Mine  
  127  8:03  SCV x2, Supply Depot  
  129  8:05  Barracks Tech Lab  
  129  8:10  Marauder  
  129  8:12  Widow Mine  
  133  8:15  SCV x2, Medivac x2  
  133  8:16  Marine x2  
  133  8:19  Marauder  
  141  8:23  Orbital Command  
  141  8:27  SCV x2  
  141  8:29  Supply Depot  
  141  8:32  Widow Mine  
  145  8:35  Supply Depot  
  145  8:38  Barracks Reactor  
  145  8:39  SCV x2  
  147  8:44  Marauder x2  
  147  8:47  Supply Depot  
  151  8:49  SCV  
  151  8:50  Marine  
  151  8:51  SCV x2  
  151  8:53  Marauder  
  152  8:59  Medivac x2  
  152  9:01  SCV  
  157  9:04  Refinery  
  157  9:05  Refinery  
  157  9:06  Ghost Academy  
  157  9:09  Marine, Supply Depot  
  158  9:11  Marauder  
  158  9:13  Widow Mine  
  158  9:14  Widow Mine  
  158  9:15  Bunker  
  164  9:17  Marine x2  
  164  9:19  Marine  
  164  9:23  Supply Depot  
  167  9:25  Armory  
  167  9:29  Marauder  
  167  9:30  Marine, Engineering Bay  
  170  9:34  Marauder x2  
  170  9:38  Widow Mine x2  
  177  9:41  Marine x3  
  177  9:44  Supply Depot  
  178  9:48  Marine  
  178  9:49  Ghost  
  176  9:54  Marine  
  176  9:55  Marine  
  176  9:59  Marine, Widow Mine x2  
  176  10:00  Marine x2  
  176  10:03  SCV x2  
  166  10:07  SCV  
  166  10:13  Marauder  
  161  10:20  Marine x2  
  141  10:25  Viking  
  134  10:28  Marine x2  
  134  10:30  Marine  
  134  10:33  SCV  
  132  10:38  Ghost  
  132  10:41  Marine  
  126  10:46  Viking  
  126  10:48  SCV x2  
  127  10:53  Terran Infantry Armor Level 1  
  127  10:56  Marine x2  
  116  10:57  Marine x2  
  116  10:58  Marine  
  116  11:01  Viking  
  115  11:06  Ghost  
  115  11:10  Marine  
  118  11:13  Terran Infantry Weapons Level 2  
  118  11:15  SCV x2  
  118  11:16  SCV  
  118  11:18  Refinery, Marine x3  
  122  11:21  Marauder  
  122  11:24  Viking  
  128  11:31  Viking, Marine  
  128  11:32  Marauder  
  133  11:38  Marine x2  
  133  11:39  Marine  
  132  11:42  Widow Mine x2  
  132  11:44  Ghost x2  
  140  11:52  Command Center  
  140  11:56  Marine  
  140  11:58  SCV, Sensor Tower  
  140  11:59  Ghost  
  140  12:00  Marine  
  140  12:01  Marine  
  146  12:07  Viking  
  148  12:11  Terran Ship Weapons Level 1  
  148  12:17  Barracks x2  
  148  12:18  Marauder  
  148  12:21  Marauder  
  152  12:25  Marine x3  
  152  12:26  Marine  
  152  12:29  Barracks  
  154  12:33  Marauder, Starport  
  156  12:39  Marine  
  156  12:42  Viking, Marauder  
  159  12:50  Marine x2  
  159  12:51  Marine x2  
  161  12:55  Marauder, Terran Infantry Armor Level 2  
  161  12:57  Marauder  
  165  13:03  Marauder  
  167  13:12  Medivac  
  167  13:13  Marine  
  167  13:16  Marauder, Medivac, Marine  
  167  13:18  Marauder  
  167  13:19  Marine x2  
  171  13:23  Barracks Tech Lab  
  171  13:24  Barracks Tech Lab  
  171  13:25  Marauder  
  171  13:31  Viking x2  
  165  13:37  Marauder  
  165  13:40  Planetary Fortress, Marauder  
  166  13:42  Viking  
  166  13:45  Marauder  
  166  13:46  SCV  
  166  13:48  SCV x2  
  173  13:57  Terran Infantry Weapons Level 3  
  176  14:04  Medivac  
  176  14:05  Marauder  
  176  14:11  Command Center  
  176  14:16  Ghost  
  176  14:18  Marauder x2  
  176  14:19  Marine  
  176  14:20  Marine  
  184  14:28  Viking  
  184  14:30  Marauder x2  
  190  14:31  Supply Depot  
  190  14:35  Marine  
  190  14:38  Terran Ship Weapons Level 2  
  191  14:43  Supply Depot  
  191  14:44  Marauder  
  191  14:45  Marine  
  191  14:50  Barracks Reactor  
  191  14:53  Marauder  
  191  14:55  Marine  
  191  14:56  Marauder, Missile Turret  
  191  14:57  Sensor Tower  
  194  15:04  Ghost, Missile Turret  
  194  15:06  Marauder  
  196  15:09  Marauder  
  196  15:12  Marine  
  188  15:14  Marauder  
  188  15:15  Marine, Medivac  
  188  15:17  Marauder  
  178  15:22  Marine  
  178  15:23  Marine  
  178  15:27  Marine x2  
  178  15:28  Marauder  
  182  15:30  Marine, Marauder  
  182  15:33  Marine x2  
  187  15:41  Medivac  
  177  15:42  Marauder  
  177  15:43  Marine  
  177  15:44  Marine, Marauder  
  177  15:48  Ghost  
  176  15:53  Viking  
  176  15:56  Viking  
  173  16:03  Ghost  
  173  16:04  Marine, Marauder  
  173  16:06  SCV  
  173  16:08  SCV x2  
  173  16:10  SCV  
  174  16:14  Planetary Fortress  
  167  16:18  SCV  
  167  16:20  SCV  
  167  16:21  Marine, Ghost  
  167  16:22  Marine  
  167  16:23  Marine x2  
  167  16:24  Marine  
  166  16:29  Viking  
  162  16:35  SCV x2  
  162  16:38  SCV  
  162  16:39  SCV, Marauder x2  
  167  16:40  Marine  
  167  16:43  Marine  
  167  16:45  Marauder  
  165  16:47  Marauder  
  165  16:48  SCV x2  
  165  16:50  SCV  
  165  16:52  Marauder  
  168  16:55  SCV  
  168  16:58  Marine  
  168  16:59  SCV  
  168  17:00  SCV  
  168  17:01  Refinery, Marauder  
  171  17:06  Refinery  
  171  17:08  Marauder  
  173  17:11  Marine x2  
  173  17:12  Marine x3  
  173  17:15  Refinery  
  178  17:16  Marauder  
  178  17:17  Marine  
  178  17:20  Ghost  
  178  17:22  Marauder, Marine  
  181  17:29  Marine x3  
  173  17:37  Viking  
  173  17:38  Marauder, Marine  
  173  17:39  Marine  
  173  17:40  Ghost  
  173  17:43  Marauder  
  178  17:44  Marine x2  
  180  17:51  Command Center  
  180  17:52  Ghost  
  180  17:56  Viking  
  180  17:57  Marauder  
  182  18:03  Ghost, Missile Turret  
  182  18:04  Marine x3  
  187  18:09  Marauder  
  186  18:15  Viking, Marine x2, Marauder  
  186  18:17  Marine  
  156  18:22  Marauder, Marine x2  
  156  18:26  Marine  
  145  18:27  Marine  
  145  18:30  Marine  
  145  18:34  Marauder  
  140  18:37  Marauder  
  140  18:40  Marauder  
  144  18:43  Marine x2, Marauder  
  148  18:48  Terran Infantry Armor Level 3  
  148  18:49  Marauder, Marine  
  148  18:53  Viking  
  148  18:55  Marauder  
  153  18:58  Marauder  
  153  19:01  Ghost  
  153  19:02  Marine  
  156  19:04  Marine x2, Ghost  
  156  19:05  Marine  
  161  19:10  Marauder  
  161  19:16  Ghost  
  165  19:17  Marine  
  165  19:21  Marine x3  
  165  19:23  Ghost  
  167  19:26  Marine x2  
  171  19:37  Marauder  
  171  19:38  Marauder  
  175  19:39  Ghost  
  175  19:40  Marine x2  
  175  19:43  Marine  
  180  19:49  Command Center  
  175  19:53  Ghost  
  175  19:56  Ghost  
  175  19:58  Ghost x2  
  161  20:01  Orbital Command, Marine  
  161  20:04  Marine  
  162  20:08  Marine  
  162  20:10  Marine x2  
  160  20:20  Marine  
  148  20:26  Medivac  
  148  20:27  Marine  
  147  20:36  Planetary Fortress  
  147  20:41  Medivac  
  147  20:42  Medivac  
  149  20:47  Marine, Marauder  
  150  20:51  SCV  
  150  20:54  SCV x3  
  154  21:00  Medivac  
  154  21:02  Marine  
  154  21:03  SCV  
  158  21:08  Orbital Command  
  158  21:12  Marine, Medivac  
  158  21:14  Marine x2  
  158  21:16  Marauder  
  158  21:17  Medivac  
  162  21:20  Marauder  
  162  21:21  Marauder  
  162  21:24  Marine  
  162  21:25  Marauder  
  169  21:30  Marauder  
  169  21:31  Marine  
  166  21:37  Marauder  
  166  21:41  Marine, Marauder  
  166  21:42  Marine  
  166  21:43  Marauder  
  166  21:46  Marauder  
  171  21:47  Marine  
  171  21:51  Marauder  
  172  21:56  Marine, Medivac  
  172  21:58  Marauder  
  146  22:02  Marauder  
  146  22:03  Marine  
  146  22:04  Marauder, Marine  
  146  22:05  Marine  
  146  22:07  Orbital Command, Marauder  
  145  22:12  Marine, Marauder  
  145  22:13  Marine  
  148  22:18  SCV  
  148  22:20  SCV, Marauder, Marine  
  151  22:24  SCV, Marauder  
  151  22:25  Marauder  
  151  22:27  Marine  
  151  22:29  Marauder  
  158  22:34  Marauder  
  152  22:40  SCV x2  
  152  22:41  SCV, Marauder  
  138  22:44  Marine, Ghost  
  138  22:46  Marine  
  138  22:47  Marauder  
  138  22:50  Medivac  
  142  22:51  Marauder  
  142  22:52  SCV, Missile Turret  
  142  22:53  Refinery, Marine x2  
  142  22:55  Marauder  
  142  22:56  Marine  
  148  23:01  Marine  
  148  23:03  Marauder  
  151  23:07  Marine  
  151  23:08  Marauder  
  151  23:12  Marine  
  154  23:13  Marauder  
  154  23:15  Marine x2  
  154  23:16  Marine  
  154  23:17  Marauder  
  154  23:18  Marine  
  162  23:22  Medivac  
  162  23:24  Marauder  
  166  23:29  Marine  
  166  23:30  Marauder, Marine  
Show
View Real Time Build Order
Export as new Build Order

herO Protoss 

Build Orders: 1 Gate Expand, Phoenix Opening, Blink Stalkers 

Get SALT Encoding   

  12  0:00  Probe  
  13  0:12  Probe  
  14  0:18  Pylon  
  14  0:24  Probe (Chrono Boost)  
  15  0:36  Probe (Chrono Boost)  
  15  0:37  Gateway  
  15  0:41  Assimilator  
  16  0:45  Probe (Chrono Boost)  
  17  0:52  Probe  
  18  1:04  Probe  
  19  1:16  Probe  
  20  1:25  Cybernetics Core  
  20  1:32  Nexus  
  20  1:39  Pylon  
  20  1:41  Probe  
  21  1:47  Assimilator  
  21  1:53  Probe  
  22  1:59  Stalker (Chrono Boost)  
  22  2:02  Warp Gate  
  22  2:05  Probe (Chrono Boost)  
  26  2:17  Probe (Chrono Boost)  
  26  2:21  Shield Battery, Probe (Chrono Boost)  
  26  2:22  Sentry  
  29  2:32  Probe  
  30  2:37  Twilight Council  
  31  2:44  Probe x2  
  31  2:48  Stalker  
  34  2:52  Phoenix  
  34  2:56  Probe x2  
  36  3:03  Gateway  
  36  3:08  Probe (Chrono Boost)  
  36  3:09  Probe (Chrono Boost)  
  36  3:11  Blink (Chrono Boost)  
  40  3:21  Probe x2 (Chrono Boost)  
  40  3:26  Probe x2 (Chrono Boost)  
  40  3:27  Pylon  
  40  3:33  Robotics Facility  
  42  3:38  Probe x2  
  44  3:50  Probe x2  
  44  3:53  Stalker  
  48  3:57  Pylon  
  48  3:58  Stalker  
  50  4:10  Nexus  
  50  4:14  Probe  
  51  4:17  Stalker  
  51  4:19  Probe  
  51  4:22  Stalker  
  54  4:33  Probe x2  
  50  4:39  Observer (Chrono Boost)  
  50  4:45  Probe x2  
  48  4:49  Stalker  
  47  4:56  Shield Battery  
  47  4:57  Observer (Chrono Boost)  
  48  5:00  Stalker  
  48  5:01  Probe  
  48  5:05  Probe  
  48  5:06  Warp Prism (Chrono Boost)  
  52  5:12  Shield Battery  
  55  5:17  Stalker, Probe  
  56  5:28  Probe  
  57  5:29  Probe  
  57  5:32  Stalker  
  60  5:37  Probe (Chrono Boost)  
  60  5:40  Probe (Chrono Boost)  
  60  5:41  Probe (Chrono Boost)  
  63  5:48  Probe (Chrono Boost)  
  63  5:50  Charge, Probe x2 (Chrono Boost)  
  63  5:53  Probe (Chrono Boost)  
  63  5:55  Probe x2 (Chrono Boost)  
  67  6:02  Pylon  
  67  6:03  Probe  
  69  6:06  Probe  
  69  6:07  Probe  
  69  6:11  Stalker  
  73  6:12  Pylon  
  73  6:15  Probe  
  74  6:26  Gateway x2  
  74  6:27  Immortal (Chrono Boost)  
  74  6:30  Gateway  
  76  6:32  Gateway  
  76  6:33  Gateway x2  
  76  6:37  Forge  
  76  6:42  Stalker x2, Shield Battery  
  76  6:44  Probe  
  73  6:56  Probe x3  
  73  7:00  Pylon  
  73  7:07  Zealot x2  
  73  7:08  Probe x3  
  79  7:10  Pylon, Immortal (Chrono Boost)  
  79  7:13  Shield Battery  
  83  7:18  Protoss Ground Weapons Level 1 (Chrono Boost)  
  83  7:20  Probe x3  
  86  7:24  Zealot x2  
  90  7:32  Probe  
  90  7:35  Zealot x5, Immortal  
  105  7:55  Zealot x2  
  109  8:00  Pylon  
  109  8:01  Shield Battery  
  109  8:02  Pylon  
  107  8:17  Zealot x3  
  107  8:18  Zealot x4  
  117  8:21  Assimilator x2, Probe  
  117  8:22  Probe x2  
  117  8:24  Pylon  
  120  8:31  Sentry  
  120  8:33  Probe  
  120  8:34  Assimilator, Probe x2  
  124  8:35  Assimilator  
  124  8:40  Observer  
  124  8:41  Robotics Bay  
  125  8:49  Zealot x4  
  125  8:53  Nexus  
  133  9:02  Pylon  
  131  9:03  Probe x2  
  131  9:04  Pylon  
  133  9:12  Pylon  
  133  9:13  Pylon  
  133  9:15  Protoss Ground Weapons Level 2 (Chrono Boost)  
  133  9:20  Pylon, Probe x3  
  136  9:24  Colossus (Chrono Boost)  
  136  9:26  Shield Battery  
  136  9:30  Zealot x2, Shield Battery  
  145  9:32  Probe x2  
  145  9:36  Zealot, Sentry  
  145  9:37  Zealot  
  152  9:44  Zealot x3  
  158  9:56  Zealot x2  
  158  9:59  Colossus (Chrono Boost)  
  152  10:07  Sentry x2  
  152  10:11  Nexus  
  116  10:21  Stalker  
  116  10:22  Stalker x4  
  116  10:25  Extended Thermal Lance (Chrono Boost)  
  106  10:34  Zealot x2, Sentry  
  108  10:49  Disruptor (Chrono Boost)  
  111  10:52  Zealot x5  
  111  10:53  Probe x2  
  119  11:06  Probe  
  119  11:07  Shield Battery, Probe x2  
  119  11:08  Pylon  
  119  11:11  Stalker x2  
  124  11:16  Protoss Ground Armor Level 1 (Chrono Boost)  
  126  11:18  Probe  
  126  11:19  Probe x2  
  126  11:21  Disruptor (Chrono Boost)  
  133  11:26  Stalker  
  133  11:30  Shield Battery  
  133  11:31  Probe  
  136  11:38  Zealot x4  
  143  11:43  Probe  
  143  11:44  Disruptor, Probe x2  
  145  11:47  Robotics Facility  
  145  11:50  Probe  
  150  11:56  Gravitic Drive (Chrono Boost)  
  150  12:02  Probe x3  
  150  12:08  Zealot x4, Sentry  
  163  12:17  Forge  
  163  12:20  Pylon  
  163  12:25  Disruptor  
  164  12:32  Stalker x4  
  164  12:36  Disruptor  
  170  12:38  Probe x3  
  170  12:39  Probe  
  178  12:57  Zealot  
  178  12:58  Pylon  
  180  13:00  Observer  
  180  13:02  Pylon  
  177  13:12  Disruptor  
  171  13:18  Disruptor  
  177  13:25  Nexus  
  177  13:26  Photon Cannon  
  177  13:28  Shield Battery  
  177  13:29  Pylon  
  165  13:38  Stalker x2  
  165  13:39  Stalker x6  
  177  13:48  Protoss Ground Armor Level 2 (Chrono Boost), Disruptor  
  173  13:49  Protoss Ground Weapons Level 3 (Chrono Boost)  
  173  13:54  Warp Prism  
  179  13:58  Probe x2  
  179  13:59  Probe x2  
  179  14:00  Nexus  
  179  14:01  Pylon  
  183  14:08  Stalker x4  
  191  14:20  Zealot x4  
  198  14:27  Shield Battery  
  198  14:28  Photon Cannon  
  192  14:50  Stalker x3  
  192  14:51  Zealot x4, Stalker  
  200  15:00  Robotics Facility x2  
  200  15:02  Gateway x2  
  200  15:05  Gateway  
  187  15:21  Disruptor (Chrono Boost)  
  177  15:22  Disruptor (Chrono Boost)  
  177  15:27  Zealot x8  
  176  15:49  Zealot x6  
  172  15:52  Zealot  
  172  15:53  Colossus x2 (Chrono Boost)  
  170  16:00  Disruptor  
  165  16:06  Stalker x4  
  173  16:11  Zealot x3  
  173  16:14  Disruptor  
  173  16:30  Zealot x7  
  173  16:52  Stalker x6  
  177  16:54  Pylon  
  177  16:57  Observer  
  175  17:03  Sentry, Nexus  
  175  17:04  Zealot x2, Sentry x2  
  185  17:08  Disruptor (Chrono Boost)  
  185  17:09  Disruptor (Chrono Boost)  
  185  17:13  Protoss Ground Armor Level 3 (Chrono Boost)  
  191  17:18  Zealot x3  
  190  17:27  Stalker x3  
  186  17:33  Zealot x2  
  180  17:38  Probe x5  
  187  17:49  Disruptor (Chrono Boost), Probe  
  187  17:50  Probe x4  
  187  17:51  Probe  
  180  18:01  Zealot, Stalker x3  
  180  18:02  Probe x2  
  154  18:21  Zealot  
  154  18:22  Zealot x7  
  128  18:34  Stalker x3  
  128  18:35  Disruptor (Chrono Boost)  
  128  18:36  Disruptor (Chrono Boost), Probe x3  
  143  18:45  Shield Battery, Probe (Chrono Boost)  
  143  18:46  Probe (Chrono Boost)  
  143  18:47  Probe (Chrono Boost)  
  146  18:50  Probe (Chrono Boost)  
  146  18:54  Disruptor (Chrono Boost)  
  151  18:59  Probe (Chrono Boost)  
  150  19:03  Probe x3 (Chrono Boost)  
  150  19:04  Probe (Chrono Boost)  
  150  19:08  Disruptor  
  155  19:10  Zealot  
  155  19:11  Zealot x7  
  155  19:16  Probe (Chrono Boost)  
  172  19:18  Stalker x2  
  172  19:22  Zealot  
  172  19:23  Probe (Chrono Boost)  
  178  19:26  Probe (Chrono Boost)  
  179  19:33  Zealot x2  
  179  19:34  Zealot x2  
  179  19:37  Probe  
  188  19:41  Disruptor  
  188  19:44  Zealot x4  
  194  19:57  Disruptor  
  174  20:03  Zealot x7  
  188  20:14  Stalker x4  
  162  20:30  Colossus  
  162  20:31  Warp Prism  
  162  20:33  Zealot x7  
  162  20:35  Probe x4  
  187  20:38  Assimilator x2  
  187  20:40  Nexus  
  187  20:41  Pylon  
  182  20:49  Stalker x4  
  182  20:54  Probe x4  
  183  20:59  Zealot  
  183  21:00  Zealot x2  
  185  21:09  Zealot x4  
  190  21:17  Zealot x4  
  173  21:32  Zealot x5  
  169  21:40  Stalker x3  
  169  21:47  Shield Battery  
  117  22:10  Stalker x3  
  117  22:12  Zealot x2  
  111  22:33  Disruptor (Chrono Boost)  
  111  22:34  Disruptor (Chrono Boost)  
  119  22:43  Observer  
  105  22:46  Colossus (Chrono Boost)  
  105  22:47  Disruptor (Chrono Boost)  
  101  23:05  Observer (Chrono Boost)  
  102  23:07  Sentry x2  
  102  23:08  Zealot x4  
  114  23:12  Stalker  
  116  23:21  Stalker x2  
  94  23:35  Zealot x4  
Tags
 
Add a new tag
Caveats
  • Supply blocks, unpowered buildings, or Contaminate may cause inaccurate times.
  • Supply counts are checked every 10 seconds.